 Dungeon Crawl Stone Soup version 0.30-a0-414-gcb316572d5 (webtiles) character file.

Game seed: 8943627258042752508

4586 pokeman the Thaumaturge (level 10, -2/56 HPs)
             Began as a Deep Elf Hedge Wizard on Dec 7, 2022.
             Was an Initiate of Vehumet.
             Slain by a shadow (17 damage)
             ... on level 9 of the Dungeon.
             The game lasted 00:21:11 (10295 turns).

pokeman the Thaumaturge (Deep Elf Hedge Wizard)    Turns: 10295, Time: 00:21:11

Health: -2/56      AC:  6    Str:  7    XL:     10   Next: 18%
Magic:  25/38      EV: 13    Int: 24    God:    Vehumet [......]
Gold:   458        SH:  0    Dex: 14    Spells: 23/35 levels left

rFire   + + .      SeeInvis .    K - +7 rapier of Spring {flame, rF++}
rCold   . . .      Faith    .    (no shield)
rNeg    . . .      Spirit   .    L - +0 steam dragon scales
rPois   .          Reflect  .    B - +0 helmet
rElec   .          Harm     .    (no cloak)
rCorr   .          Rampage  .    (no gloves)
Will    ++...                    (no boots)
Stlth   +++.......               (no amulet)
HPRegen 0.29/turn                k - ring of willpower
MPRegen 0.26/turn                s - ring of magical power

@: no status effects
A: no striking features
a: Renounce Religion


You were on level 9 of the Dungeon.
You worshipped Vehumet.
Vehumet was noncommittal.
You visited 2 branches of the dungeon, and saw 10 of its levels.
You also visited: Ossuary.

You collected 458 gold pieces.

Inventory:

Hand Weapons
 K - the +7 rapier of Spring (weapon) {flame, rF++}
   (You found it on level 7 of the Dungeon)

   It burns those it strikes, dealing additional fire damage.
   rF:        It greatly protects you from fire.
Armour
 c - a +0 buckler
 B - a +0 helmet (worn)
 L - +0 steam dragon scales (worn)
 M - a +0 pair of gloves
Jewellery
 a - a ring of willpower
 j - a ring of ice
 k - a ring of willpower (left hand)
 l - a ring of fire
 s - a ring of magical power (right hand)
 y - a ring of protection from fire
 H - a ring of positive energy
 I - a +4 ring of evasion
Wands
 v - a wand of iceblast (34)
 A - a wand of polymorph (7)
 F - a wand of flame (41)
 G - a wand of charming (6)
Scrolls
 b - 10 scrolls of identify {unknown}
 g - a scroll of fear {unknown}
 h - a scroll of brand weapon {unknown}
 i - 2 scrolls of butterflies {unknown}
 m - 3 scrolls of magic mapping {unknown}
 o - 3 scrolls of immolation {unknown}
 q - a scroll of poison {unknown}
 t - 3 scrolls of enchant armour {unknown}
 u - 3 scrolls of teleportation {unknown}
 x - a scroll of blinking {unknown}
 E - 2 scrolls of amnesia {unknown}
Potions
 d - 2 potions of magic
 e - a potion of degeneration {unknown}
 f - 3 potions of might {unknown}
 n - a potion of attraction {unknown}
 p - a potion of heal wounds
 r - a potion of invisibility {unknown}
 w - a potion of mutation {unknown}
 z - a potion of haste {unknown}
 C - 2 potions of flight {unknown}
 D - a potion of brilliance {unknown}
 J - a potion of cancellation {unknown}


   Skills:
 - Level 4.0 Fighting
 + Level 3.1 Armour
 - Level 4.1 Dodging
 - Level 4.1 Stealth
 + Level 3.2 Shields
 * Level 13.3 Spellcasting
 + Level 7.6 Conjurations
 - Level 1.1 Summonings
 - Level 1.1 Translocations
 - Level 1.0 Air Magic
 - Level 1.2 Poison Magic
 - Level 1.0 Evocations


You had 23 spell levels left.
You knew the following spells:

 Your Spells              Type           Power      Damage    Failure   Level
a - Magic Dart            Conj           100%       1d8       1%          1
b - Mephitic Cloud        Conj/Pois/Air  31%        N/A       3%          3
c - Call Imp              Summ           21%        N/A       3%          2
d - Blink                 Tloc           42%        N/A       3%          2
e - Shock                 Conj/Air       100%       1d9       1%          1
f - Swiftness             Air            20%        N/A       8%          3

Your spell library contained the following spells:

 Spells                   Type           Power      Damage    Failure   Level
 Slow                     Hex            60%        N/A       3%          1
 Poisonous Vapours        Pois/Air       42%        N/A       3%          2
 Cigotuvi's Dreadful Rot  Necr/Pois/Air  38%        N/A       4%          2
 Gell's Gravitas          Tloc           21%        N/A       7%          3
 Lesser Beckoning         Tloc           42%        N/A       7%          3
 Teleport Other           Tloc           21%        N/A       7%          3
 Airstrike                Air            10%        2d(2-18)  24%         4


Dungeon Overview and Level Annotations

Branches:
Dungeon (9/15)             Temple (1/1) D:7         Ossuary (visited)
   Lair: D:8-11         Orc: D:9-12

Altars:
Cheibriados
Elyvilon
Fedhas
Kikubaaqudgha
Nemelex Xobeh
Sif Muna
Vehumet
Zin

Shops:
D:1 =


Message History

Confirm with . or Enter, or press ? or * to list all spells.
A metallic apparition takes form in the air.
The shadow strikes at you from the darkness!
Reactivating autopickup.
Unknown command.
You hit the shadow. You burn the shadow.
The shadow is heavily damaged.
The shadow hits you!
* * * LOW HITPOINT WARNING * * *
Unknown command.
You swap places.
The shadow misses your iron imp.
Your iron imp misses the shadow.
Unknown command.
The shadow slips into darkness.
The shadow flickers and vanishes!
Deactivating autopickup; reactivate with Ctrl-A.
There is a stone staircase leading down here.
What are your orders? t - Shout!
Orders for allies: a - Attack new target. r - Retreat! s - Stop attacking. g - Guard the area. f - Follow me.
Anything else - Cancel.
Okay, then.
Unknown command.
The shadow strikes at your iron imp from the darkness!
Your iron imp dies!
Your iron imp disappears in a puff of smoke!
Casting: Call Imp (safe; 3% risk of failure)
Confirm with . or Enter, or press ? or * to list all spells.
You don't know that spell.
Okay, then.
Unknown command.
Aiming: Throw Flame
Press: ? - help, Shift-Dir - straight line
Aiming: Throw Flame
Press: ? - help, Shift-Dir - straight line The puff of flame hits something.
The shadow strikes at you from the darkness!
You die...

###########
#.........#
#.........#
#.........#########
#.................#
+............)..@§#
#.........).....{§#
#........).##.##.##
#.................#
#......<).######..#
###.#.............#
#................#
#...[......##....#
#..........##....#


There were no monsters in sight!

Vanquished Creatures
  Pikel (D:7)
  Grinder (D:4)
  Prince Ribbit (D:7)
  Sigmund (D:2)
  A wyvern (D:7)
  Eustachio (D:5)
  Menkaure (D:5)
  2 steam dragons
  An acid dragon (D:8)
  A sky beast (D:8)
  2 orc warriors
  2 black bears
  An ice beast (D:8)
  2 ogres
  3 centaurs
  2 lemures (D:7)
  A phantom (D:6)
  Blork the orc (D:6)
  6 bullfrogs
  2 scorpions
  An elf skeleton (D:4)
  2 wights (D:9)
  4 killer bees (D:8)
  A howler monkey (D:9)
  A jelly (D:5)
  2 orc priests
  2 hounds
  2 human skeletons (D:4)
  3 iguanas (D:5)
  4 orc wizards
  Natasha (thrice) (D:2)
  Terence (D:3)
  A mummy (Ossuary)
  7 gnolls
  6 adders
  4 shadow imps
  3 white imps
  3 ufetubi
  6 worms
  3 dart slugs
  14 orcs
  A spectral bat (Ossuary)
  7 ball pythons
  5 bats
  2 endoplasms (D:1)
  7 giant cockroaches
  12 gnoll zombies (Ossuary)
  7 hobgoblins
  6 quokkas
  2 frilled lizards (D:1)
  5 goblins
  6 goblin zombies (Ossuary)
  2 hobgoblin zombies (Ossuary)
  7 kobolds
  4 kobold zombies (Ossuary)
  3 orc skeletons (D:4)
  6 orc zombies (Ossuary)
  4 rats
  A rat simulacrum (Ossuary)
  A spectral goblin (Ossuary)
  3 spectral kobolds (Ossuary)
  A spectral rat (Ossuary)
198 creatures vanquished.

Vanquished Creatures (collateral kills)
  A gnoll bouda (D:4)
  An endoplasm (D:2)
  A bat simulacrum (Ossuary)
  4 goblin simulacra (Ossuary)
  3 kobold simulacra (Ossuary)
  6 rat simulacra (Ossuary)
  A spectral goblin (Ossuary)
  A spectral kobold (Ossuary)
  2 spectral rats (Ossuary)
20 creatures vanquished.

Grand Total: 218 creatures vanquished

Notes
Turn   | Place    | Note
-------+----------+-------------------------------------------
     0 | D:1      | pokeman the Deep Elf Hedge Wizard began the quest for the
                  | Orb.
     0 | D:1      | Reached XP level 1. HP: 10/10 MP: 7/7
   322 | D:1      | Reached XP level 2. HP: 11/15 MP: 4/9
   588 | D:1      | Found Faemit's Jewellery Shoppe.
  1149 | D:2      | Noticed Natasha
  1154 | D:2      | Killed Natasha
  1155 | D:2      | Reached skill level 5 in Spellcasting
  1155 | D:2      | Reached XP level 3. HP: 15/20 MP: 4/11
  1159 | D:2      | Learned a level 3 spell: Mephitic Cloud
  1162 | D:2      | Learned a level 2 spell: Call Imp
  1165 | D:2      | Learned a level 2 spell: Blink
  1188 | D:2      | Noticed Natasha
  1197 | D:2      | Killed Natasha
  1198 | D:2      | Reached skill level 1 in Fighting
  1198 | D:2      | Reached skill level 1 in Armour
  1198 | D:2      | Reached XP level 4. HP: 22/25 MP: 0/13
  1240 | D:2      | Noticed Natasha
  1426 | D:2      | Killed Natasha
  1515 | D:2      | Noticed Sigmund
  1526 | D:2      | Killed Sigmund
  1527 | D:2      | Reached skill level 6 in Spellcasting
  1527 | D:2      | Reached XP level 5. HP: 29/29 MP: 6/16
  1673 | D:2      | Found a faded altar of an unknown god.
  1750 | D:2      | Reached XP level 6. HP: 34/34 MP: 6/17
  2012 | D:2      | You fall into a shaft and drop 2 floors!
  2178 | D:4      | Reached skill level 7 in Spellcasting
  2178 | D:4      | Reached skill level 1 in Air Magic
  2178 | D:4      | Reached skill level 1 in Poison Magic
  2268 | D:4      | Found a sand-covered staircase.
  2273 | Ossuary  | Entered an ossuary
  3640 | D:4      | Noticed Grinder
  3718 | D:3      | Reached XP level 7. HP: 25/38 MP: 14/20
  3915 | D:3      | Found an ancient bone altar of Kikubaaqudgha.
  4860 | D:3      | Noticed Terence
  4874 | D:3      | Killed Terence
  4935 | D:3      | Found a faded altar of an unknown god.
  4993 | D:3      | Found a sparkling altar of Nemelex Xobeh.
  5243 | D:4      | Reached skill level 8 in Spellcasting
  5471 | D:4      | Killed Grinder
  5616 | D:4      | Reached skill level 9 in Spellcasting
  5651 | D:4      | Reached XP level 8. HP: 12/44 MP: 10/23
  5904 | D:5      | Entered Level 5 of the Dungeon
  5992 | D:5      | Reached skill level 5 in Conjurations
  6062 | D:5      | Noticed Menkaure
  6072 | D:5      | Killed Menkaure
  6133 | D:5      | Reached skill level 1 in Evocations
  6180 | D:5      | Noticed Eustachio
  6213 | D:5      | Killed Eustachio
  6214 | D:5      | Reached skill level 10 in Spellcasting
  7141 | D:6      | Noticed Blork the orc
  7155 | D:6      | Killed Blork the orc
  7156 | D:6      | Reached skill level 11 in Spellcasting
  7348 | D:6      | Reached XP level 9. HP: 8/48 MP: 11/26
  7604 | D:6      | Reached skill level 1 in Shields
  7769 | D:6      | Learned a level 1 spell: Shock
  7773 | D:6      | Learned a level 3 spell: Swiftness
  7797 | D:6      | Found a glowing silver altar of Zin.
  8292 | D:7      | Noticed Pikel
  8302 | D:7      | Killed Pikel
  8303 | D:7      | Reached skill level 12 in Spellcasting
  8504 | D:7      | Found a staircase to the Ecumenical Temple.
  8512 | Temple   | Entered the Ecumenical Temple
  8517 | Temple   | Became a worshipper of Vehumet
  8540 | D:7      | Noticed Prince Ribbit
  8547 | D:7      | Killed Prince Ribbit
  8763 | D:7      | Identified the +7 rapier of Spring {flame, rF++}
  9057 | D:7      | Found a white marble altar of Elyvilon.
  9057 | D:7      | Found a snail-covered altar of Cheibriados.
  9651 | D:8      | Reached XP level 10. HP: 35/56 MP: 28/28
  9664 | D:8      | Reached skill level 13 in Spellcasting
 10295 | D:9      | Slain by a shadow

Illustrated notes

Levels and vault maps discovered:
D:1:      dpeg_arrival_connections, layout_loops_ring, serial_shops, shop,
          skrybe_limestone_x, minmay_liquid_box, minmay_misc_feat_enclosed,
          minmay_misc_feat_five
D:2:      layout_loops_ring, ebering_ecumenical_altar_abandoned, uniq_sigmund,
          uniq_natasha
D:3:      layout_basic, nicolae_overflow_ecumenical_swirl,
          overflow_temple_1_default, nicolae_wormholes, uniq_terence
D:4:      layout_rooms, nicolae_ossuary_entry_catacombs,
          hangedman_abyss_or_decor_stagger, uniq_grinder
D:5:      layout_loops_ring, uniq_eustachio, uniq_menkaure
D:6:      layout_loops_ring, mainiacjoe_overflow_surrounded_room,
          uniq_blork_the_orc
D:7:      layout_basic, gammafunk_temple_overflow_elements,
          minmay_temple_entry_crystal_x, uniq_pikel, uniq_prince_ribbit1
D:8:      layout_gridville
D:9:      layout_basic, erik_orc_4, enter_bailey_8, uniq_grum
Temple:   nicolae_temple_bog_church

Skill      XL: |  1  2  3  4  5  6  7  8  9 10 |
---------------+-------------------------------+-----
Spellcasting   | 5 6 7 9 11 12 13 | 13.3
Fighting       | 1 2 3 4 |  4.0
Armour         | 1 3 |  3.1
Conjurations   | 2 3 4 6 7 |  7.6
Dodging        | 3 4 |  4.1
Stealth        | 3 4 |  4.1
Air Magic      | 1 |  1.0
Poison Magic   | 1 |  1.2
Evocations     | 1 |  1.0
Shields        | 2 3 |  3.2
Summonings     | |  1.1
Translocations | |  1.1

Action                   |  1- 3 |  4- 6 |  7- 9 | 10-12 || total
-------------------------+-------+-------+-------+-------++-------
Melee: Dagger            |     5 |    30 |       |       ||    35
       War axe           |       |       |    88 |       ||    88
       Punch             |       |       |     1 |       ||     1
       Rapier            |       |       |    10 |    14 ||    24
       Whip              |       |       |    10 |       ||    10
 Cast: Magic Dart        |    57 |   233 |   220 |    10 ||   520
       Mephitic Cloud    |       |     6 |    26 |     3 ||    35
       Call Imp          |       |     8 |     5 |     2 ||    15
       Blink             |       |     1 |     1 |       ||     2
       Shock             |       |       |    86 |    34 ||   120
Evoke: Wand              |       |       |       |     4 ||     4
 Stab: Confused          |       |     2 |    20 |     3 ||    25
Armor: Robe              |     8 |    13 |    13 |     2 ||    36
Dodge: Dodged            |    11 |    60 |   115 |    18 ||   204

Table legend: (Time is in decaauts)
 A = Elapsed time spent in this place.
 B = Non-inter-level travel time spent in this place.
 C = Inter-level travel time spent in this place.
 D = Time resting spent in this place.
 E = Time spent auto-exploring this place.
 F = Levels seen in this place.
 G = Mean time per level.
                   A        B        C        D        E       F      G
               +--------+--------+--------+--------+--------+-----+--------+
         Total |  10349 |  10014 |    335 |    758 |   7524 |  11 |  940.8 |
       Dungeon |   9231 |   8900 |    331 |    615 |   6859 |   9 | 1025.7 |
        Temple |     10 |      6 |      4 |      0 |      0 |   1 |   10.0 |
       Ossuary |   1106 |   1106 |      0 |    143 |    665 |   1 | 1106.0 |
               +--------+--------+--------+--------+--------+-----+--------+

Top non-repeatable levels by time:
     D:1: 1443 daAuts
     D:4: 1318 daAuts
     D:6: 1278 daAuts
     D:3: 1184 daAuts
 Ossuary: 1106 daAuts
     D:7: 1022 daAuts
     D:8: 1004 daAuts
     D:5: 974 daAuts
     D:2: 934 daAuts
     D:9: 70 daAuts
  Temple: 10 daAuts
